 Dungeon Sprint DCSS version 0.27-a0-1046-g98bf31544f (webtiles) character file.

Game seed: 12364518988922772791

6319 HendSelp the Pulveriser (level 10, -13/74 HPs)
             Began as a Minotaur Gladiator on Apr 19, 2021.
             Was the Champion of Makhleb.
             Mangled by an ogre
             ... wielding a +0 giant spiked club
              (16 damage)
             ... in the Dungeon (Sprint V: "Ziggurat Sprint").
             The game lasted 00:04:53 (853 turns).

HendSelp the Pulveriser (Minotaur Gladiator)         Turns: 853, Time: 00:04:54

Health: -13/74     AC: 33    Str: 27    XL:     10   Next: 64%
Magic:  9/9        EV:  9    Int:  9    God:    Makhleb [******]
Gold:   0          SH:  0    Dex: 13    Spells: 9/9 levels left

rFire    . . .     SeeInvis .   E - +5 lajatang
rCold    . . .     Faith    .   (shield currently unavailable)
rNeg     . . .     Spirit   .   G - +15 Maxwell's patent armour {-Cast -Tele rElec Will+ rCorr}
rPois    .         Reflect  .   c - +0 hat
rElec    +         Harm     .   (no cloak)
rCorr    +         Rampage  .   (no gloves)
Will     +....     NoTele   +   (no boots) Stlth ..........NoCast +
                                v - amulet of the acrobat
HPRegen  0.22/turn              A - +6 ring of strength
MPRegen  0.11/turn              a - ring "Waenext" {+Blink Int+4 Slay+4}

@: no status effects
A: horns 2, retaliatory headbutt, subdued magic 1
a: Renounce Religion, Evoke Blink, Minor Destruction, Lesser Servant of Makhleb,
Major Destruction, Greater Servant of Makhleb


You were in the Dungeon.
You worshipped Makhleb.
Makhleb was exalted by your worship.
You visited 1 branch

Inventory:

Hand Weapons
 E - a +5 lajatang (weapon)
Missiles
 d - a throwing net (quivered)
Armour
 c - a +0 hat (worn)
 G - the +15 Maxwell's patent armour (worn) {-Cast -Tele rElec Will+ rCorr}
   (You found it in the Dungeon)

   It insulates you from electricity.
   It prevents spellcasting.
   It prevents most forms of teleportation.
   It protects you from acid and corrosion.
   It increases your willpower.
Jewellery
 a - the ring "Waenext" (right hand) {+Blink Int+4 Slay+4}
   (You found it in the Dungeon)

   [ring of slaying]

   It affects your intelligence (+4).
   It affects your accuracy and damage with ranged weapons and melee attacks
   (+4).
   It lets you blink.
 f - a ring of willpower
 v - an amulet of the acrobat (around neck)
 A - a +6 ring of strength (left hand)
Wands
 B - a wand of mindburst (7)
 C - a wand of iceblast (7)
 D - a wand of acid (7)
Scrolls
 j - 4 scrolls of blinking
 p - 4 scrolls of amnesia
 q - 7 scrolls of fog
 r - 2 scrolls of holy word
 s - 5 scrolls of identify
 t - 2 scrolls of fear
Potions
 e - 10 potions of curing
 g - 6 potions of haste
 h - 7 potions of magic
 i - 3 potions of berserk rage
 k - 2 potions of brilliance
 l - 2 potions of invisibility
 m - 4 potions of resistance
 o - 5 potions of might
Miscellaneous
 b - a tin of tremorstones (inert)
 n - a box of beasts
 u - a phial of floods
 F - a lightning rod (4/4)


   Skills:
 - Level 2.4 Fighting
 + Level 21.3 Staves
 - Level 2.0 Throwing
 - Level 18.2 Armour
 - Level 3.2 Dodging


You had 9 spell levels left.
You didn't know any spells.
Your spell library contained the following spells:

 Spells                   Type           Power      Damage    Failure   Level
 Ensorcelled Hibernation  Hex/Ice        0%         N/A       96%         2
 Animate Armour           Summ/Erth      0%         N/A       100%        4
 Borgnjor's Vile Clutch   Necr/Erth      0%         N/A       100%        5
 Irradiate                Conj/Tmut      0%         3d13      100%        5
 Silence                  Hex/Air        0%         N/A       100%        5
 Blade Hands              Tmut           0%         N/A       100%        6
 Shadow Creatures         Summ           N/A        N/A       100%        6
 Statue Form              Tmut/Erth      0%         N/A       100%        6
 Dragon Form              Tmut           0%         N/A       100%        7
 Chain Lightning          Conj/Air       0%         N/A       100%        8
 Lehudib's Crystal Spear  Conj/Erth      0%         10d2      100%        8
 Absolute Zero            Ice            0%         ∞         100%        9
 Fire Storm               Conj/Fire      0%         5d1       100%        9


Dungeon Overview and Level Annotations

Branches:
Dungeon (1/1)

Altars:
Ashenzari
Cheibriados
Dithmenos
Elyvilon
Fedhas
Gozag
Hepliaklqana
Kikubaaqudgha
Makhleb
Nemelex Xobeh
Okawaru
Qazlal
Ru
Sif Muna
Trog
Uskayaw
Vehumet
Wu Jian
Xom
Yredelemnul
Zin
The Shining One
Beogh
Jiyva
Lugonu

Annotations:
D 1 transporter


Innate Abilities, Weirdness & Mutations

You have a pair of horns on your head.
You reflexively headbutt those who attack you in melee.
Your spells are a little easier to cast, but a little less powerful.


Message History

The tin is emptied!
The troll barely misses you. You furiously retaliate!
You headbutt the troll.
The troll claws you but does no damage. x2
The two-headed ogre closely misses you.
The two-headed ogre hits you but does no damage.
The ogre hits you but does no damage. The troll bites you but does no damage.
The troll claws you but does no damage. The troll claws you!
The troll barely misses you. You furiously retaliate!
You headbutt the troll. The troll barely misses you. The troll claws you!
Unknown command.
Unknown command.
Unknown command.
You slash the two-headed ogre!
You kill the two-headed ogre!
Makhleb accepts your kill. The troll bites you!
The troll closely misses you. x2
The two-headed ogre hits you with a +0 giant club!
* * * LOW HITPOINT WARNING * * *
The two-headed ogre hits you with a +0 giant spiked club!
* * * LOW HITPOINT WARNING * * *
The ogre hits you with a +0 giant spiked club.
* * * LOW HITPOINT WARNING * * *
Your Staves skill increases to level 21!
Unknown command.
The troll completely misses you.
The troll claws you but does no damage. x2
The troll misses you. The troll barely misses you. The troll misses you.
The cyclops hits you but does no damage.
Things that are here:
a +0 giant spiked club; a +0 giant club; a +0 giant club Unknown command.
Unknown command.
Unknown command.
Unknown command.
Unknown command.
Unknown command.
Unknown command.
You cannot blink because you are wearing the +15 Maxwell's patent armour {-Cast -Tele rElec Will+ rCorr}.
You slice the troll!!
The troll is severely wounded.
The ogre hits you with a +0 giant spiked club!
You die...

▓.▓.....▓.▓.▓..)▓.▓
▓....©....▓...©...▓
▓▓▓▓▓▓▓▓▓▓▓▓▓▓▓▓▓▓▓
▓...8©8...▓..8©8..▓
▓..:}}))..▓..).)..▓
▓...:)=...▓..)}|..▓
▓.........▓.......▓
▓....C....▓.......▓
▓...T@O...▓.......▓
▓...OTT...▓...†...▓
▓.▓.....▓.▓.......▓
▓....©....▓...©...▓
▓▓▓▓▓▓▓▓▓▓▓▓▓▓▓▓▓▓▓


You could see a two-headed ogre, a cyclops, 3 trolls and an ogre.

Vanquished Creatures
  2 dancing weapons (D)
  A two-headed ogre (D)
  A deep elf knight (D)
  2 deep elf zephyrmancers (D)
  A deep elf pyromancer (D)
  2 ugly things (D)
  A moth of wrath (shapeshifter) (D)
  A large abomination (D)
  A polar bear (D)
  A wind drake (shapeshifter) (D)
  An air elemental (D)
  2 neqoxecs (D)
  2 hell hounds (D)
  An ice beast (D)
  An ogre (D)
  An earth elemental (D)
  4 scorpions (D)
  A crimson imp (D)
  A quasit (D)
  2 iron imps (D)
  3 shadow imps (D)
  2 ufetubi (D)
  3 adder zombies (D)
  A ball python zombie (D)
  A giant cockroach simulacrum (D)
39 creatures vanquished.

Notes
Turn   | Place    | Note
-------+----------+-------------------------------------------
     0 | D        | HendSelp the Minotaur Gladiator began the quest for the
                  | Orb.
     0 | D        | Reached XP level 1. HP: 18/18 MP: 0/0
     0 | D        | Found a shimmering blue altar of Sif Muna.
     0 | D        | Found a sacrificial altar of Ru.
     0 | D        | Found a bloodstained altar of Trog.
     0 | D        | Found a stormy altar of Qazlal.
     0 | D        | Found an iron altar of Okawaru.
     0 | D        | Found a sparkling altar of Nemelex Xobeh.
     0 | D        | Found a blossoming altar of Fedhas.
     1 | D        | Found the +6 Majin-Bo {vamp, MP+6 Int+6}
     1 | D        | Found the +9 heavy crossbow "Sniper" {vorpal, Acc+∞ SInv}
     1 | D        | Found the +10 dark maul {vorpal}
     1 | D        | Found the +15 Maxwell's patent armour {-Cast -Tele rElec
                  | Will+ rCorr}
     1 | D        | Found the +18 shield of the Gong {rElec rN+ Will+ EV-5}
     1 | D        | Found the +14 obsidian axe {vorpal, Drain Fly SInv}
     1 | D        | Found the +7 great mace "Firestarter" {inner flame, rF++}
     1 | D        | Found the +6 shillelagh "Devastator" {shatter}
     1 | D        | Found the +11 plutonium sword {Contam Stlth-}
     1 | D        | Found the +8 lance "Wyrmbane" {slay drac, rPois rF+ rC+
                  | AC+3}
     1 | D        | Found the +9 sword of Zonguldrok {reap}
     1 | D        | Found the +13 scythe of Curses {drain, Drain}
     1 | D        | Found the +5 sword of Power {vorpal}
     1 | D        | Found the +7 mace of Variability {chain chaos}
     1 | D        | Found the +7 Singing Sword {vorpal, sonic wave}
     1 | D        | Found the +8 storm bow {elec, penet}
     2 | D        | Found a transporter.
     2 | D        | Found an ancient bone altar of Kikubaaqudgha.
     2 | D        | Found a viscous altar of Jiyva.
     2 | D        | Found a corrupted altar of Lugonu.
     2 | D        | Found a hazy altar of Hepliaklqana.
     2 | D        | Found a burning altar of Makhleb.
     2 | D        | Found an opulent altar of Gozag.
    23 | D        | Banished a spatial maelstrom
    61 | D        | Reached XP level 2. HP: 25/25 MP: 1/1
    68 | D        | Became a worshipper of Makhleb the Destroyer
    76 | D        | Entered arena 2.
    76 | D        | Noticed a deep elf pyromancer
    76 | D        | Noticed an earth elemental
    76 | D        | Found a transporter.
    83 | D        | Killed a deep elf pyromancer
    84 | D        | Reached XP level 3. HP: 15/30 MP: 2/2
    84 | D        | Reached XP level 4. HP: 18/37 MP: 3/3
    84 | D        | Reached XP level 5. HP: 21/42 MP: 4/4
    84 | D        | Reached XP level 6. HP: 25/50 MP: 5/5
   265 | D        | Entered arena 3.
   265 | D        | Noticed a polar bear
   265 | D        | Noticed an ice beast
   265 | D        | Found a transporter.
   268 | D        | Reached * piety under Makhleb
   278 | D        | Killed a polar bear
   279 | D        | Reached XP level 7. HP: 44/56 MP: 6/6
   346 | D        | Entered arena 4.
   346 | D        | Found a transporter.
   348 | D        | Reached ** piety under Makhleb
   349 | D        | Reached skill level 4 in Staves
   351 | D        | Reached skill level 5 in Staves
   354 | D        | Reached skill level 6 in Staves
   355 | D        | Reached skill level 7 in Staves
   359 | D        | Got the ring "Waenext" {+Blink Int+4 Slay+4}
   366 | D        | Entered arena 5.
   366 | D        | Found a transporter.
   369 | D        | Reached *** piety under Makhleb
   380 | D        | Reached skill level 8 in Staves
   380 | D        | Reached XP level 8. HP: 59/62 MP: 7/7
   395 | D        | Entered arena 6.
   395 | D        | Found a transporter.
   397 | D        | Reached **** piety under Makhleb
   404 | D        | Reached skill level 9 in Staves
   406 | D        | Reached skill level 10 in Staves
   419 | D        | Got the +1 quarterstaff of Nopirrowk {venom, Dex+5}
   430 | D        | Entered arena 7.
   430 | D        | Noticed a +2 war axe of electrocution
   430 | D        | Noticed a +0 long sword of electrocution
   430 | D        | Noticed a deep elf knight
   430 | D        | Noticed a deep elf zephyrmancer
   430 | D        | Noticed an air elemental
   430 | D        | Noticed a deep elf zephyrmancer
   431 | D        | Found a transporter.
   432 | D        | Killed an air elemental
   432 | D        | Reached ***** piety under Makhleb
   433 | D        | Reached skill level 11 in Staves
   433 | D        | HP: 3/62 [deep elf knight/shard of ice (36)]
   439 | D        | Killed a deep elf zephyrmancer
   440 | D        | Reached skill level 12 in Staves
   441 | D        | Killed a deep elf zephyrmancer
   442 | D        | Reached skill level 14 in Staves
   442 | D        | Reached XP level 9. HP: 34/68 MP: 8/8
   442 | D        | Killed a deep elf knight
   443 | D        | Reached skill level 16 in Staves
   444 | D        | Killed a +0 long sword of electrocution
   445 | D        | Reached skill level 17 in Staves
   448 | D        | Killed a +2 war axe of electrocution
   449 | D        | Reached skill level 18 in Staves
   667 | D        | Entered arena 8.
   667 | D        | Noticed a wind drake
   667 | D        | Noticed a red ugly thing
   667 | D        | Noticed a purple ugly thing
   668 | D        | Found the +3 giant club "Skullcrusher" {speed, Str+7}
   668 | D        | Found a transporter.
   668 | D        | Noticed a jumping spider
   668 | D        | a yak changed into a jumping spider
   673 | D        | Killed a purple ugly thing
   674 | D        | Reached XP level 10. HP: 51/74 MP: 9/9
   674 | D        | Noticed a moth of wrath
   674 | D        | a jumping spider changed into a moth of wrath
   674 | D        | Gained mutation: Your spells are a little easier to cast,
                  | but a little less powerful. [a neqoxec]
   675 | D        | Reached ****** piety under Makhleb
   676 | D        | Reached skill level 19 in Staves
   682 | D        | Killed a moth of wrath
   701 | D        | Killed a red ugly thing
   702 | D        | Reached skill level 20 in Staves
   809 | D        | Entered arena 9.
   809 | D        | Noticed a large abomination
   810 | D        | Found a transporter.
   815 | D        | Killed a large abomination
   844 | D        | Entered arena 10.
   844 | D        | Noticed a cyclops
   844 | D        | Noticed a two-headed ogre
   844 | D        | Noticed a two-headed ogre
   845 | D        | Found a transporter.
   851 | D        | Killed a two-headed ogre
   851 | D        | HP: 2/74 [ogre/+0 giant spiked club (6)]
   852 | D        | Reached skill level 21 in Staves
   853 | D        | Mangled by an ogre

Illustrated notes

Levels and vault maps discovered:
D:        sprint_v [room_start, room_1, room_2, room_3, room_4, room_5, room_6,
          room_7, room_8, room_9, room_10, room_11, room_12, room_13, room_14,
          room_15, room_16, room_17, room_18, room_19, room_20, room_21,
          room_22, room_23, room_24, room_25, room_26, room_27]

Skill      XL: |  1  2  3  4  5  6  7  8  9 10 |
---------------+-------------------------------+-----
Armour         | 8 16 17 18 | 18.2
Staves         | 8 14 18 21 | 21.3
Fighting       | |  2.4
Throwing       | |  2.0
Dodging        | |  3.2

Action                   |  1- 3 |  4- 6 |  7- 9 | 10-12 || total
-------------------------+-------+-------+-------+-------++-------
Melee: Lajatang          |     5 |    22 |    39 |    31 ||    97
       Headbutt          |     1 |     9 |     8 |     6 ||    24
Throw: Throwing net      |       |       |       |     3 ||     3
Evoke: Tin of tremorston |       |       |     4 |     2 ||     6
  Use: Potion            |     1 |     1 |     4 |     5 ||    11
 Stab: Held in net/web   |       |       |       |     2 ||     2
Armor: Plate armour      |     6 |    36 |    82 |    59 ||   183
Dodge: Dodged            |     3 |    14 |    34 |    48 ||    99

Table legend: (Time is in decaauts)
 A = Elapsed time spent in this place.
 B = Non-inter-level travel time spent in this place.
 C = Inter-level travel time spent in this place.
 D = Time resting spent in this place.
 E = Time spent auto-exploring this place.
 F = Levels seen in this place.
 G = Mean time per level.
                   A        B        C        D        E       F      G
               +--------+--------+--------+--------+--------+-----+--------+
         Total |    844 |    834 |     10 |    526 |     12 |   1 |  844.0 |
       Dungeon |    844 |    834 |     10 |    526 |     12 |   1 |  844.0 |
               +--------+--------+--------+--------+--------+-----+--------+

Top non-repeatable levels by time:
       D: 844 daAuts
